 Dungeon Crawl Stone Soup version 0.27.0-1-g7a089689b8 (webtiles) character file.

Game seed: 1958441388472355611

78087 freelancePsychic the Imperceptible (level 15, -4/77 HPs)
             Began as a Spriggan Berserker on Aug 12, 2021.
             Was a High Priest of Trog.
             Slain by Jorgrun (10 damage)
             ... on level 2 of the Elven Halls.
             The game lasted 01:10:42 (21728 turns).

freelancePsychic the Imperceptible (SpBe)          Turns: 21728, Time: 01:10:43

Health: -4/77      AC: 11    Str: 13    XL:     15   Next: 17%
Magic:  5/5        EV: 32    Int: 10    God:    Trog [*****.]
Gold:   187        SH:  9    Dex: 26    Spells: 14/14 levels left

rFire    . . .     SeeInvis +   a - +3 dagger (antimagic)
rCold    + . .     Faith    .   F - +0 buckler
rNeg     . . .     Spirit   .   t - +4 troll leather armour {Snorg}
rPois    .         Reflect  .   (helmet restricted)
rElec    +         Harm     .   x - +2 cloak
rCorr    .         Rampage  .   (gloves unavailable)
Will     ++++.                  (boots unavailable)
Stlth    ++++++++..             G - amulet of Unoufenn {rElec rC+ Regen+}
HPRegen  3.22/turn              D - +6 ring of dexterity
MPRegen  0.09/turn              y - +4 ring of slaying

@: grasped by roots, strong-willed (expiring), on berserk cooldown, regenerating
(expiring), slowed, constricted, quick
A: very small, no large weapons, unfitting armour, see invisible, speed 3
a: Renounce Religion, Berserk, Trog's Hand, Brothers in Arms


You were on level 2 of the Elven Halls.
You worshipped Trog.
Trog was extremely pleased with you.
You visited 4 branches of the dungeon, and saw 22 of its levels.
You also visited: Sewer and Volcano.

You collected 1694 gold pieces.
You spent 1507 gold pieces at shops.

Inventory:

Hand Weapons
 a - a +3 antimagic dagger (weapon)
 b - a +0 dagger of electrocution
 i - a +0 dagger of holy wrath
 I - the +5 rapier of Butchery {flame, Stlth+}
   (Trog gifted it to you on level 2 of the Orcish Mines)

   It burns those it strikes, dealing additional fire damage.
   Stlth:     It makes you more stealthy.
Missiles
 s - 13 boomerangs
 w - 100 poisoned darts
 J - a curare-tipped dart
 L - 3 datura-tipped darts (quivered)
 Q - 12 atropa-tipped darts
Armour
 n - the +2 robe of the Monkey's Uncle {rN+}
   (You found it on level 6 of the Dungeon)

   rN:        It protects you from negative energy.
 t - a +4 troll leather armour (worn) {Snorg}
 x - a +2 cloak (worn)
 F - a +0 buckler (worn)
 X - +0 fire dragon scales
Jewellery
 u - a +6 ring of strength
 y - a +4 ring of slaying (right hand)
 D - a +6 ring of dexterity (left hand)
 G - the amulet of Unoufenn (around neck) {rElec rC+ Regen+}
   (You acquired it on level 10 of the Dungeon)

   [amulet of regeneration]

   rC:        It protects you from cold.
   rElec:     It insulates you from electricity.
   Regen:     It increases your rate of health regeneration.
 K - a +6 ring of intelligence
 T - a ring of ice
 W - the ring "Tophik" {Fly Will++ rCorr Int-2}
   (You took it off a deep elf pyromancer on level 1 of the Elven Halls)

   [ring of flight]

   Int:       It affects your intelligence (-2).
   Fly:       It grants you flight.
   rCorr:     It protects you from acid and corrosion.
   Will:      It greatly increases your willpower.
Wands
 o - a wand of paralysis (1)
 z - a wand of polymorph (6)
 B - a wand of digging (16)
 E - a wand of flame (24)
 O - a wand of acid (24)
Scrolls
 d - 2 scrolls of enchant weapon
 f - 4 scrolls of magic mapping
 h - 3 scrolls of brand weapon
 l - a scroll of holy word
 m - 10 scrolls of teleportation {@r4}
 p - 2 scrolls of fog
 C - 4 scrolls of immolation
 M - a scroll of blinking
 S - 2 scrolls of enchant armour
 V - a scroll of identify {@r1}
Potions
 c - 6 potions of degeneration
 e - 10 potions of curing {@q1}
 g - 3 potions of heal wounds {@q2}
 j - a potion of cancellation
 k - 4 potions of haste {@q3}
 r - 4 potions of mutation {unknown}
 v - 4 potions of flight {unknown}
 A - a potion of resistance
 H - 2 potions of might {unknown}
 N - 2 potions of magic {unknown}
 P - 2 potions of ambrosia {unknown}
 R - a potion of attraction {unknown}
Miscellaneous
 U - a box of beasts (inert)


   Skills:
 - Level 8.1 Fighting
 - Level 10.5 Short Blades
 - Level 6.3 Throwing
 + Level 16.6 Dodging
 + Level 21.3 Stealth
 - Level 7.2 Shields
 - Level 9.8 Evocations


You had 14 spell levels left.
You didn't know any spells.
Your spell library was empty.

Dungeon Overview and Level Annotations

Branches:
Dungeon (12/15)            Temple (0/1) D:6            Lair (6/6) D:11
  Swamp (0/4) Lair:2        Slime (0/5) Lair:6          Orc (2/2) D:12
    Elf (2/3) Orc:2         Sewer (visited)         Volcano (visited)
  Snake: Lair:2-4    Spider: Lair:2-4

Altars:
Dithmenos
Kikubaaqudgha
Nemelex Xobeh
Trog
Vehumet
Wu Jian
Beogh
Jiyva

Shops:
D:10 !   Orc:2 *[*:!   Elf:1 !

Portals:
Trove: D:10 (show abyssal rune of Zot)

Annotations:
D:7 2 transporters, HeliumTrimp's ghost, novice GrFi
D:10 2 runed translucent doors
Lair:2 3 runed translucent doors, rjrrt's ghost, journeyman MiMo
Lair:4 Josephine
Elf:1 exclusions: 3 doors and ice statue
Elf:2 Jorgrun


Innate Abilities, Weirdness & Mutations

You are very small and have problems with some larger weapons.
You are too small for most types of armour.
You have supernaturally acute eyesight. (SInv)
You cover ground extremely quickly. (Speed+++)


Message History

You puncture the deep elf knight!
The deep elf knight's magic leaks into the air.
The deep elf knight is almost dead.
You puncture the deep elf knight!
You kill the deep elf knight!
Trog accepts your kill.
Trog appreciates your killing of a magic user.
You feel a strong urge to attack something.
Unknown command.
You feel your anger nearly subside.
You are no longer berserk.
You are exhausted.
You feel yourself slow down.
Found 28 stones.
Found a scroll of immolation.
Jorgrun Earthshaker comes into view.
He is wielding a +0 vorpal quarterstaff.
Jorgrun shouts!
Jorgrun points at you and mumbles some strange words.
The wall shatters!
The blast of rock fragments hits you!
Your deep troll goes berserk!
You feel the effects of Trog's Hand fading.
Some rock shatters into small pieces.
Jorgrun casts a spell at you.
Roots burst forth from the earth!
The grasping roots grab you! The grasping roots constrict you!
You closely miss Jorgrun.
Your deep troll bites Jorgrun but does no damage.
Your deep troll claws Jorgrun!!
Your deep troll completely misses Jorgrun.
Jorgrun completely misses you. The grasping roots constrict you!
You hit Jorgrun.
Jorgrun's magic leaks into the air.
Jorgrun is moderately wounded.
Your deep troll completely misses Jorgrun.
Your deep troll closely misses Jorgrun.
Your deep troll misses Jorgrun.
Jorgrun points at you and mumbles some strange words.
The iron shot hits you!!!
Ouch! That really hurt!
* * * LOW HITPOINT WARNING * * *
You die...

+# .# ## .# ##.
##.## ##.. ....##
#...#?....##
####g....#####
#.###.#@T..(.....
#......#.......#
#.#............#
................###
####.#.##.......#..
#.######.....##.#
#.........#...##.#
## ####...#...##.#
####..........#


You could see Jorgrun (ally target) and a friendly deep troll (summoned,
berserk).

Vanquished Creatures
  A deep elf annihilator (Elf:1)
  Snorg (D:11)
  A deep elf death mage (Elf:1)
  3 catoblepae
  3 hydras
  4 two-headed ogres
  Erica (Orc:1)
  6 death yaks (Lair:6)
  A dancing weapon (Elf:1)
  5 orc knights
  2 orc high priests (Orc:2)
  6 deep elf knights
  Nergalle (Orc:1)
  6 deep elf archers
  3 lindwurms
  10 deep elf zephyrmancers
  15 deep elf pyromancers
  A wolf spider (Elf:1)
  An ugly thing (D:11)
  3 orc sorcerers
  A manticore (Lair:6)
  A cyclops (D:11)
  6 black mambas
  4 molten gargoyles
  11 elephants
  A gargoyle (D:11)
  9 cane toads
  7 komodo dragons
  5 rime drakes
  4 trolls
  3 polar bears
  2 hornets
  5 slime creatures (D:12)
  9 blink frogs
  5 shadows
  An air elemental (Elf:1)
  4 wyverns
  37 yaks
  3 fire elementals (Elf:1)
  A hog (Elf:1)
  8 basilisks
  A harpy simulacrum (Elf:1)
  2 acid dragons
  16 water moccasins
  13 orc warriors
  A sky beast (D:5)
  A hornet zombie (D:7)
  3 ice beasts
  A necrophage (D:8)
  2 black bears
  3 ogres (D:5)
  32 wolves
  3 centaurs
  16 bullfrogs
  3 kobold brigands
  A wyvern zombie (D:8)
  3 scorpions (D:5)
  3 earth elementals
  2 water moccasin zombies
  A howler monkey (D:9)
  2 electric eels (Lair:4)
  A bullfrog zombie (D:5)
  4 centaur zombies
  A jelly (D:6)
  11 orc priests
  4 hounds
  3 centaur skeletons
  4 iguanas
  11 orc wizards
  Terence (D:2)
  2 hound zombies (D:5)
  A hound skeleton (D:5)
  A howler monkey zombie (D:10)
  6 adders
  4 gnolls (D:2)
  3 river rats
  2 white imps
  2 ufetubi
  5 worms
  3 dart slugs
  39 orcs
  6 ball pythons
  5 endoplasms
  3 giant cockroaches
  11 goblins
  A hobgoblin (D:1)
  8 jackals (D:2)
  5 quokkas
  2 bats
  2 frilled lizards (D:2)
  22 kobolds
  7 rats
  2 butterflies (Lair:5)
492 creatures vanquished.

Vanquished Creatures (collateral kills)
  A fire dragon (Elf:1)
  A boulder beetle (Lair:4)
  A hydra (D:11)
  A catoblepas (Lair:6)
  A two-headed ogre (D:12)
  An orc high priest (Orc:2)
  A lindwurm (Elf:1)
  An orc knight (Orc:2)
  An orc sorcerer (Orc:2)
  A manticore (Lair:6)
  2 molten gargoyles (Volcano)
  A black mamba (Lair:6)
  A troll (D:12)
  4 yaks (Lair:6)
  6 orc warriors (D:12)
  An earth elemental (Volcano)
  A vampire bat (Elf:1)
  3 orc priests
  An orc wizard (Orc:2)
  11 orcs (D:12)
41 creatures vanquished.

Vanquished Creatures (others)
  An elephant (Lair:6)
  An orc warrior (Orc:2)
  27 fungi
  39 plants
68 creatures vanquished.

Grand Total: 601 creatures vanquished

Notes
Turn   | Place    | Note
-------+----------+-------------------------------------------
     0 | D:1      | freelancePsychic the Spriggan Berserker began the quest for
                  | the Orb.
     0 | D:1      | Reached XP level 1. HP: 11/11 MP: 2/2
   222 | D:1      | Reached skill level 1 in Stealth
   302 | D:1      | Reached skill level 2 in Stealth
   425 | D:1      | Reached XP level 2. HP: 16/16 MP: 3/3
   883 | D:2      | Reached skill level 3 in Stealth
  1081 | D:2      | Reached ** piety under Trog
  1170 | D:2      | Reached XP level 3. HP: 19/19 MP: 4/4
  1231 | D:2      | Reached skill level 4 in Stealth
  1239 | D:2      | Reached XP level 4. HP: 23/23 MP: 5/5
  1333 | D:2      | Reached skill level 5 in Stealth
  1737 | D:2      | Noticed Terence
  1758 | D:2      | Killed Terence
  2233 | D:3      | Reached skill level 6 in Stealth
  2348 | D:3      | Reached XP level 5. HP: 27/27 MP: 6/6
  2696 | D:3      | Found a faded altar of an unknown god.
  3400 | D:4      | Noticed a black bear
  3428 | D:5      | Entered Level 5 of the Dungeon
  3458 | D:5      | Reached skill level 7 in Stealth
  3641 | D:5      | Reached *** piety under Trog
  3696 | D:5      | Found a glowing drain.
  3716 | Sewer    | Entered a sewer
  4131 | Sewer    | Reached XP level 6. HP: 32/32 MP: 7/7
  4657 | D:5      | Reached skill level 5 in Dodging
  4657 | D:5      | Reached skill level 8 in Stealth
  4938 | D:5      | Reached skill level 9 in Stealth
  4949 | D:5      | Reached XP level 7. HP: 35/35 MP: 8/8
  4952 | D:5      | Noticed a vampire mosquito
  4957 | D:5      | Noticed a vampire mosquito
  5089 | D:5      | Reached skill level 10 in Stealth
  5175 | D:5      | Reached skill level 1 in Evocations
  5377 | D:5      | Reached skill level 5 in Short Blades
  5419 | D:5      | Reached XP level 8. HP: 42/42 MP: 9/9
  5480 | D:5      | Reached **** piety under Trog
  5596 | D:6      | You fall into a shaft and drop 2 floors!
  5597 | D:8      | Noticed a cyclops
  5675 | D:7      | Found a transporter.
  5724 | D:7      | Found an ancient bone altar of Kikubaaqudgha.
  5925 | D:7      | Noticed HeliumTrimp's ghost (novice GrFi)
  5930 | D:7      | Noticed a komodo dragon
  6076 | D:7      | Found a transporter.
  6173 | D:7      | Reached skill level 5 in Evocations
  6789 | D:6      | Reached XP level 9. HP: 46/46 MP: 10/10
  6861 | D:6      | Found a staircase to the Ecumenical Temple.
  7210 | D:6      | Identified the +2 robe of the Monkey's Uncle {rN+}
  7492 | D:6      | Found an ornate altar of the Wu Jian Council.
  7964 | D:8      | Noticed a two-headed ogre
  7987 | D:8      | Reached skill level 11 in Stealth
  8005 | D:7      | Killed a two-headed ogre
  8006 | D:7      | Reached skill level 12 in Stealth
  8413 | D:8      | Reached skill level 1 in Throwing
  8492 | D:8      | Found a bloodstained altar of Trog.
  8705 | D:8      | Reached skill level 5 in Fighting
  8885 | D:9      | Found a sparkling altar of Nemelex Xobeh.
  8895 | D:9      | You fall into a shaft and drop 1 floor!
  8895 | D:10     | Entered Level 10 of the Dungeon
  8977 | D:10     | Found a portal to a secret trove of treasure.
  9020 | D:10     | Reached skill level 13 in Stealth
  9020 | D:10     | Reached XP level 10. HP: 51/51 MP: 11/11
  9039 | D:10     | Found Eseedac's Distillery.
  9093 | D:9      | Reached ***** piety under Trog
  9160 | D:9      | Found a radiant altar of Vehumet.
  9207 | D:9      | Found a shadowy altar of Dithmenos.
  9219 | D:9      | Noticed a two-headed ogre
  9274 | D:9      | Killed a two-headed ogre
  9506 | D:9      | Reached skill level 14 in Stealth
  9940 | D:10     | Identified a scroll of acquirement
  9941 | D:10     | Acquired the amulet of Unoufenn {rElec rC+ Regen+}
 10271 | D:10     | Found the +8 glaive of the Guard {elec, spectral, AC+5}
 10436 | D:10     | Found a large runed translucent door.
 10436 | D:10     | Found a large runed translucent door.
 10529 | D:10     | Noticed a two-headed ogre
 10531 | D:10     | Killed a two-headed ogre
 10532 | D:10     | Reached XP level 11. HP: 58/58 MP: 12/12
 10644 | D:11     | Noticed a two-headed ogre
 10646 | D:11     | Killed a two-headed ogre
 10657 | D:11     | Found a staircase to the Lair.
 10741 | D:11     | Noticed a five-headed hydra
 10764 | D:11     | Killed a five-headed hydra
 10765 | D:11     | Reached skill level 15 in Stealth
 10938 | D:11     | Noticed a red ugly thing
 10975 | D:11     | Noticed Snorg
 10982 | D:11     | Killed Snorg
 11043 | D:11     | Killed a red ugly thing
 11163 | D:11     | Noticed a deep elf pyromancer
 11208 | D:11     | Killed a deep elf pyromancer
 11209 | D:11     | Reached skill level 10 in Dodging
 11310 | D:12     | Noticed a boulder beetle
 11354 | Lair:1   | Entered Level 1 of the Lair of Beasts
 11797 | Lair:1   | Noticed an eight-headed hydra
 12246 | Lair:2   | Found a runed translucent gate.
 12247 | Lair:2   | Found a runed translucent gate.
 12339 | Lair:2   | Found a runed translucent gate.
 12344 | Lair:2   | Noticed rjrrt's ghost (journeyman MiMo)
 12450 | Lair:2   | Found a staircase to the Swamp.
 12502 | Lair:2   | Reached XP level 12. HP: 64/64 MP: 13/13
 12688 | Lair:2   | Noticed an eight-headed hydra
 12695 | Lair:2   | Killed an eight-headed hydra
 12896 | Lair:2   | Noticed a five-headed hydra
 12899 | Lair:2   | Reached skill level 15 in Dodging
 13015 | Lair:2   | Reached skill level 1 in Shields
 13193 | Lair:2   | Noticed a five-headed hydra
 13202 | Lair:2   | Killed a six-headed hydra
 13316 | Lair:3   | Received a gift from Trog
 13369 | Lair:3   | Found a dark tunnel.
 13375 | Volcano  | Entered a volcano
 13914 | Lair:3   | Reached skill level 5 in Shields
 14942 | Lair:4   | Noticed Josephine
 15026 | Lair:4   | Reached XP level 13. HP: 68/68 MP: 14/14
 16209 | Lair:6   | Entered Level 6 of the Lair of Beasts
 16211 | Lair:6   | Found a viscous altar of Jiyva.
 16237 | Lair:5   | Reached skill level 5 in Throwing
 16305 | Lair:5   | Reached skill level 16 in Stealth
 16479 | Lair:6   | Found a staircase to the Slime Pits.
 16552 | Lair:6   | Reached skill level 17 in Stealth
 16915 | Lair:6   | Reached skill level 18 in Stealth
 17149 | Lair:6   | Reached skill level 19 in Stealth
 17235 | Lair:6   | Reached XP level 14. HP: 72/72 MP: 15/15
 18140 | D:12     | Found a staircase to the Orcish Mines.
 18204 | D:12     | Reached skill level 20 in Stealth
 18247 | Orc:1    | Entered Level 1 of the Orcish Mines
 18300 | Orc:1    | Noticed Erica
 18306 | Orc:1    | Noticed Nergalle
 18307 | Orc:1    | Killed Erica
 18314 | Orc:1    | Killed Nergalle
 18406 | Orc:2    | Entered Level 2 of the Orcish Mines
 18414 | Orc:2    | Found a radiant altar of Vehumet.
 18497 | Orc:2    | Found a staircase to the Elven Halls.
 18596 | Orc:2    | Found Xadokk's Overcharged Wands.
 18854 | Orc:2    | Identified the +5 rapier of Butchery {flame, Stlth+} (Trog
                  | gifted it to you on level 2 of the Orcish Mines)
 18854 | Orc:2    | Received a gift from Trog
 19403 | Orc:2    | Reached skill level 10 in Short Blades
 19459 | Orc:2    | Found Cegeipin's Antique Armour Boutique.
 19459 | Orc:2    | Found Jough's Distillery.
 19461 | Orc:2    | Found Vuwome's Book Emporium.
 19461 | Orc:2    | Found Perghopis's Assorted Antiques.
 19476 | Orc:2    | Bought a bloodstained cloak for 351 gold pieces
 19476 | Orc:2    | Identified the -4 cloak of Ufeaxilea {Str-3 Int+7 SInv}
                  | (You bought it in a shop on level 2 of the Orcish Mines)
 19481 | Orc:2    | Bought a potion of resistance for 170 gold pieces
 19516 | Orc:2    | Bought a wand of acid (25) for 986 gold pieces
 19550 | Elf:1    | Entered Level 1 of the Elven Halls
 20047 | Elf:1    | Reached ****** piety under Trog
 20123 | Elf:1    | Noticed an iron dragon
 20149 | Elf:1    | Found Mosej's Distillery.
 20207 | Elf:1    | Received a gift from Trog
 20574 | Elf:1    | Noticed an azure jelly
 20591 | Elf:1    | Identified the ring "Tophik" {Fly Will++ rCorr Int-2}
 20678 | Elf:1    | Reached XP level 15. HP: 76/77 MP: 5/16
 20835 | Elf:1    | Reached skill level 21 in Stealth
 21721 | Elf:2    | Noticed Jorgrun
 21728 | Elf:2    | Slain by Jorgrun

Illustrated notes

Levels and vault maps discovered:
D:1:      lemuel_arrival_muddy, layout_rooms, hangedman_decor_lopped,
          minmay_tromino_v2
D:2:      wad_river_or_something, layout_basic, minmay_misc_feat_roman,
          minmay_cut_off, uniq_terence
D:3:      wad_lake_hut, layout_basic, hellmonk_ecumenical_altar_crossroads
D:4:      layout_basic, marbit_many_paths, gammafunk_ghost_smash,
          serial_bayou_pond_b, minmay_a_box_with_orc_wizards_in_it
D:5:      cheibrodos_barr_body, layout_gridville, gup_sewer_entry_bowl
D:6:      layout_layer_cave, mainiacjoe_overflow_chevrons, temple_statues
D:7:      layout_basic, general_overflow_altar, nzn_ghost_randoct,
          skrybe_limestone_x
D:8:      minmay_clustersquares, layout_rooms, mainiacjoe_overflow_boulevard
D:9:      layout_rooms, nemelex_altar_shiori, kennysheep_mini_moat,
          grunt_dithmenos_smoke_and_mirrors
D:10:     layout_loops_corners, nicolae_trove_entry_crystal, serial_shops,
          shop_fountains, lightli_elemental_guards
D:11:     layout_long_grid, lair_entry_dummy, uniq_snorg
D:12:     layout_rooms, david_orc_5, david_defended_altar_orc
Lair:1:   layout_regular_city
Lair:2:   nzn_winding_woodlands_cross
          [nzn_winding_woodlands_5x15_river_crossing,
          nzn_winding_woodlands_5x15_split_checker,
          nzn_winding_woodlands_5x15_longhouse,
          nzn_winding_woodlands_5x15_zeroes,
          nzn_winding_woodlands_15x15_boxy_spiral], layout_cave_pods,
          swamp_mist_pool, gammafunk_ghost_necromancy
Lair:3:   layout_chaotic_city, nicolae_volcano_entry_two_sided,
          serial_bayou_shore_b, grunt_megastairs_1, serial_bayou_shore_a
Lair:4:   layout_cave_pods, serial_bayou_pond_b, wad_woods_river_02,
          nicolae_quartered_pool_super, uniq_josephine
Lair:5:   layout_layer_cave, pond, lemuel_fruit_fields
Lair:6:   evilmike_catoblepas_cave, layout_big_grid, slime_altar_1,
          lemuel_fruit_tree, infiniplex_staircase_pool_2
Orc:1:    layout_caves, uniq_erica, uniq_nergalle
Orc:2:    grunt_orc_tribal_feast, layout_diamond_mine, basic_altar,
          serial_shops, shop_fountains, nicolae_shop_overcharged_wands
Elf:1:    minmay_elf_arrival_circle, layout_loops_corners, serial_shops, shop,
          serial_hangedman_research, hangedman_research_geology,
          hangedman_research_thermodynamics, hangedman_research_pyrotechnics,
          hangedman_research_quantum, hangedman_research_metamorphosis,
          minmay_elf_annihilation
Elf:2:    elven_hall_of_blades_hangedman_alternative
          [nicolae_blade_entry_crossed_weapons], layout_loops_corners,
          basic_altar, minmay_shop_grove, uniq_asterion, uniq_agnes,
          uniq_jorgrun

Skill      XL: |  1  2  3  4  5  6  7  8  9 10 11 12 13 14 15 |
---------------+----------------------------------------------+-----
Stealth        | 2 3 4 6 7 9 10 13 14 15 19 20 21 | 21.3
Short Blades   | 4 5 8 9 10 | 10.5
Dodging        | 5 6 8 13 15 16 | 16.6
Evocations     | 2 5 6 9 |  9.8
Fighting       | 3 4 5 6 7 8 |  8.1
Throwing       | 3 6 |  6.3
Shields        | 6 7 |  7.2

Action                   |  1- 3 |  4- 6 |  7- 9 | 10-12 | 13-15 || total
-------------------------+-------+-------+-------+-------+-------++-------
Melee: Short sword       |    57 |       |       |       |       ||    57
       Dagger            |    19 |   271 |   200 |   472 |  1153 ||  2115
       Rapier            |       |       |       |       |     4 ||     4
Throw: Dart              |       |       |    14 |    30 |    14 ||    58
Invok: Berserk           |     3 |    17 |    13 |    27 |    32 ||    92
       Trog's Hand       |       |       |     1 |     1 |     4 ||     6
       Brothers in Arms  |       |       |       |     5 |     8 ||    13
Evoke: Wand              |       |       |     5 |    20 |    17 ||    42
       Box of beasts     |       |       |       |       |     1 ||     1
  Use: Scroll            |       |     9 |     9 |     7 |     5 ||    30
       Potion            |       |       |       |       |     1 ||     1
 Stab: Sleeping          |     5 |    13 |    18 |    35 |    33 ||   104
       Paralysed         |       |       |     2 |       |     1 ||     3
       Distracted        |       |       |       |     3 |     2 ||     5
       Petrified         |       |       |       |       |     2 ||     2
       Petrifying        |       |       |       |       |     1 ||     1
Armor: Animal skin       |     4 |    27 |     3 |       |       ||    34
       Robe              |       |       |    16 |     3 |       ||    19
       Troll leather arm |       |       |       |    15 |    47 ||    62
Dodge: Dodged            |    45 |   148 |   104 |   242 |   536 ||  1075
Block: Buckler           |       |       |       |    42 |   271 ||   313
